cohdb
Replays
Latest Replays
All Replays
Popular Replays
Top Player Replays
Match Explorer
How It Works
Community
CoH3 Stats
Reddit
Sign in to upload your games and track your stats! →
Sign in with Steam
Match 41619009
Unlisted
Match 41619009
Overview
Messages
Build Orders
End
Selects Australian Defense Battlegroup
Selects Australian Light Infantry Section
Australian Light Infantry Section
Construct Section Command Post
ML 3-inch Mortar Team
Australian Light Infantry Section
Australian Light Infantry Section
Selects 2-pounder Anti-tank Gun Team
2-pounder Anti-tank Gun Team
Construct Platoon Command Post
CMP 15cwt Truck
Infantry Training
Team Weapon Training
Construct Company Command Post
Unlock M3 Grant Medium Tanks
Selects Vehicle Over Repair
Phan
kamacura
Penultimate Peacock
PluckyPika
Beck
Ori
M+TKFrenzy
Bro, I am in trouble, too.
0
0
Comments
sign in to comment!
No comments posted yet!